[Event "ICC tourney 2533 (25 5)"]
[Site "Internet Chess Club"]
[Date "2021.04.25"]
[Round "8"]
[White "ASTHANA, AMAN:K09-15042721"]
[Black "GARZA, ISABELLA:K09-15183191"]
[Result "0-1"]
[ICCResult "White resigns"]
[WhiteElo "947"]
[BlackElo "461"]
[Opening "Queen's gambit accepted"]
[ECO "D20"]
[NIC "QG.03"]
[Time "17:01:07"]
[PlyCount "56"]
[TimeControl "1500+5"]

1. d4 d5 2. c4 dxc4 3. Nc3 Nc6 4. e3 Nf6 5. Nf3 Bf5 6. Bxc4 e6 7. O-O Bd6
8. Re1 a6 9. e4 Bg4 10. e5 Bxf3 11. Qxf3 Nxd4 12. Qd3 Bxe5 13. Rxe5 O-O 14.
Re1 Ng4 15. h3 Nf6 16. Rb1 Re8 17. Be3 e5 18. Bxd4 exd4 19. Rxe8+ Qxe8 20.
Qxd4 Rd8 21. Qe3 Qc6 22. Be2 Nh5 23. Rd1 Re8 24. Bxh5 Rxe3 25. Rd8+ Re8 26.
Rxe8+ Qxe8 27. Nd5 Qe1+ 28. Kh2 Qe5+ { White resigns } 0-1

[Event "ICC tourney 2533 (25 5)"]
[Site "Internet Chess Club"]
[Date "2021.04.25"]
[Round "8"]
[White "BALAJI IYER, SHRINIVAS:K09-16691948"]
[Black "FARRIS, NORA GRACE:K09-16974693"]
[Result "1-0"]
[ICCResult "Black checkmated"]
[WhiteElo "1443"]
[BlackElo "947"]
[Opening "Giuoco Piano"]
[ECO "C53"]
[NIC "IG.02"]
[Time "17:02:21"]
[PlyCount "67"]
[TimeControl "1500+5"]

1. e4 e5 2. Nf3 Nc6 3. Bc4 Bc5 4. c3 h6 5. d4 exd4 6. cxd4 Bb4+ 7. Bd2 Nf6
8. Bxb4 Nxb4 9. Bxf7+ Kxf7 10. Qb3+ d5 11. Qxb4 Nxe4 12. O-O Re8 13. Ne5+
Kg8 14. Nc3 Nxc3 15. Qxc3 c6 16. Rfe1 Qf6 17. Re3 Rf8 18. Rf3 Qd8 19. Rxf8+
Qxf8 20. Re1 Bf5 21. Re3 Be4 22. Qb3 Rb8 23. Nd7 Qd6 24. Nxb8 Qxb8 25. Rxe4
a5 26. Re7 Qf4 27. Qe3 Qf5 28. Re8+ Kh7 29. h3 Qb1+ 30. Kh2 Qxb2 31. Qd3+
g6 32. Re7+ Kh8 33. Qxg6 Qxd4 34. Qe8# { Black checkmated } 1-0

[Event "ICC tourney 2533 (25 5)"]
[Site "Internet Chess Club"]
[Date "2021.04.25"]
[Round "8"]
[White "ZHOU, ATHENA:K09-17305940"]
[Black "PENCILLE, JONLUKE:K09-15351837"]
[Result "0-1"]
[ICCResult "White resigns"]
[WhiteElo "625"]
[BlackElo "1106"]
[Opening "Scotch game"]
[ECO "C45"]
[NIC "SO.04"]
[Time "17:00:12"]
[PlyCount "84"]
[TimeControl "1500+5"]

1. e4 e5 2. Nf3 Nc6 3. d4 exd4 4. Nxd4 Nxd4 5. Qxd4 Qf6 6. Qxf6 Nxf6 7. Nc3
Bc5 8. h3 O-O 9. Bc4 Re8 10. Bd3 d5 11. f3 Bf5 12. g4 dxe4 13. gxf5 exd3+
14. Kd1 dxc2+ 15. Kxc2 Re5 16. Nb5 Bb6 17. Bf4 Rxb5 18. Bd2 Rc5+ 19. Bc3
Ba5 20. Rad1 Bxc3 21. bxc3 h5 22. Rhe1 Rxf5 23. Re7 Nd5 24. Rd7 Ne3+ 25.
Kc1 Nxd1 26. Kxd1 Rc5 27. Kc2 b5 28. Kb3 a5 29. Rd4 Rc4 30. Rxc4 bxc4+ 31.
Kxc4 Rb8 32. a4 f5 33. Kc5 Rb6 34. Kc4 Kf7 35. f4 Kf6 36. h4 Ke6 37. Kc5
Rb1 38. c4 Rf1 39. Kc6 Rxf4 40. c5 Rxa4 41. Kxc7 f4 42. Kd8 Rc4 { White
resigns } 0-1

[Event "ICC tourney 2533 (25 5)"]
[Site "Internet Chess Club"]
[Date "2021.04.25"]
[Round "8"]
[White "LESTER, JALEEL:K09-17178433"]
[Black "SMITH, SILAS:K09-15797197"]
[Result "0-1"]
[ICCResult "White resigns"]
[WhiteElo "519"]
[BlackElo "1694"]
[Opening "Sicilian defense"]
[ECO "B20"]
[NIC "SI.48"]
[Time "17:03:45"]
[PlyCount "60"]
[TimeControl "1500+5"]

1. e4 c5 2. Bc4 e6 3. Nc3 a6 4. a4 Nc6 5. Nf3 Nf6 6. d3 Be7 7. Bg5 d6 8.
O-O O-O 9. Re1 h6 10. Bh4 Bd7 11. e5 dxe5 12. Nxe5 Nxe5 13. Rxe5 Bc6 14.
Bxf6 Bxf6 15. Rxc5 Qb6 16. Rh5 Qxb2 17. Ne4 Qxa1 18. Qxa1 Bxa1 19. Bb3 Bxe4
20. dxe4 Rfd8 21. f4 Rd4 22. f5 Rxe4 23. fxe6 Bd4+ 24. Kf1 fxe6 25. Rf5 Rf8
26. Rxf8+ Kxf8 27. g3 Ke7 28. c4 Bc5 29. Kg2 Re3 30. Bc2 Re2+ { White
resigns } 0-1

[Event "ICC tourney 2533 (25 5)"]
[Site "Internet Chess Club"]
[Date "2021.04.25"]
[Round "8"]
[White "MULLINIX, NICHOLAS:K09-17060845"]
[Black "LIU, CATHERINE:K09-15277304"]
[Result "0-1"]
[ICCResult "White checkmated"]
[WhiteElo "221"]
[BlackElo "1143"]
[Opening "Sicilian defense"]
[ECO "B40"]
[NIC "SI.43"]
[Time "17:03:28"]
[PlyCount "94"]
[TimeControl "1500+5"]

1. e4 c5 2. Nf3 e6 3. Nc3 a6 4. Be2 b5 5. a3 Bb7 6. O-O Be7 7. d3 d6 8. Be3
Nf6 9. Qd2 Nbd7 10. Rac1 O-O 11. Bg5 Qc7 12. b4 Rac8 13. h3 cxb4 14. axb4
Qxc3 15. Bxf6 Qxf6 16. c4 Ne5 17. Nxe5 Qxe5 18. Bf3 bxc4 19. dxc4 Rfd8 20.
Rfe1 Bg5 21. Qd3 Bxc1 22. Rxc1 g6 23. Bg4 Qxe4 24. Qxe4 Bxe4 25. f3 Bd3 26.
c5 dxc5 27. bxc5 h5 28. Bxh5 gxh5 29. c6 Bb5 30. c7 Rd7 31. Rc5 Rcxc7 32.
Rg5+ Kh7 33. Rxh5+ Kg6 34. Rh4 Ra7 35. Rg4+ Kf6 36. Rf4+ Ke7 37. Kf2 Rd5
38. Ke3 a5 39. Re4 a4 40. Kf2 a3 41. Re1 a2 42. Ra1 Rd2+ 43. Ke1 Rb2 44.
Kd1 Rb1+ 45. Rxb1 axb1=Q+ 46. Kd2 Qd3+ 47. Ke1 Qe2# { White checkmated }
0-1

[Event "ICC tourney 2533 (25 5)"]
[Site "Internet Chess Club"]
[Date "2021.04.25"]
[Round "8"]
[White "GHOSH, PRARTHAN:K09-15038196"]
[Black "KHATRI, AARUSHI:K09-17005313"]
[Result "0-1"]
[ICCResult "White resigns"]
[WhiteElo "1916"]
[BlackElo "354"]
[Opening "Queen's bishop game"]
[ECO "D02"]
[NIC "QP.08"]
[Time "17:03:14"]
[PlyCount "50"]
[TimeControl "1500+5"]

1. d4 d5 2. Nf3 Nf6 3. Bf4 Bf5 4. e3 e6 5. a3 Nbd7 6. c4 Be7 7. Nc3 c6 8.
Be2 dxc4 9. Bxc4 Nd5 10. Bg3 h5 11. h3 N7b6 12. Ba2 Nxc3 13. bxc3 g5 14. h4
g4 15. Nd2 Rg8 16. Qe2 Nd5 17. Bxd5 cxd5 18. e4 dxe4 19. Nxe4 Qd5 20. f3
gxf3 21. gxf3 Qb3 22. Bd6 Bxe4 23. Bxe7 Qxc3+ 24. Kf2 Qxd4+ 25. Qe3 Rg2+ {
White resigns } 0-1

[Event "ICC tourney 2533 (25 5)"]
[Site "Internet Chess Club"]
[Date "2021.04.25"]
[Round "8"]
[White "HENDERSON, TAYLOR:K09-16952541"]
[Black "O NICHOLAS, CLARK:K09-14687296"]
[Result "0-1"]
[ICCResult "White checkmated"]
[WhiteElo "636"]
[BlackElo "224"]
[Opening "Three knights: Schlechter variation"]
[ECO "C46"]
[NIC "KP.06"]
[Time "17:02:56"]
[PlyCount "124"]
[TimeControl "1500+5"]

1. e4 e5 2. Nf3 Nc6 3. Nc3 Bb4 4. Nd5 Nf6 5. Nxf6+ gxf6 6. c3 Ba5 7. d3 d6
8. Be2 Be6 9. d4 d5 10. dxe5 fxe5 11. Bb5 O-O 12. Bd3 d4 13. O-O Bg4 14.
cxd4 exd4 15. Bg5 Bxf3 16. Bxd8 Bxd1 17. Be7 Nxe7 18. Raxd1 Bb6 19. e5 f6
20. e6 Ba5 21. a3 Rfe8 22. Bb5 Nc6 23. Bxc6 bxc6 24. e7 Rxe7 25. Rxd4 Bb6
26. Rg4+ Rg7 27. Rf4 Re8 28. g3 Re2 29. Rd1 Bxf2+ 30. Rxf2 Rxf2 31. Kxf2
Kf7 32. Rd7+ Kg6 33. Rd4 Kf5 34. Rf4+ Ke5 35. Ke3 Rd7 36. Re4+ Kf5 37. g4+
Kg5 38. Kf3 Rd3+ 39. Re3 Rxe3+ 40. Kxe3 Kxg4 41. Kf2 f5 42. Kg2 f4 43. h3+
Kf5 44. Kf3 h6 45. b4 a6 46. a4 h5 47. h4 Ke5 48. b5 axb5 49. a5 b4 50. a6
b3 51. a7 b2 52. a8=Q b1=Q 53. Qe8+ Kd5 54. Qd7+ Ke5 55. Qe7+ Kd5 56. Qf7+
Kc5 57. Qe7+ Kb6 58. Qe3+ fxe3 59. Kf4 e2 60. Kg5 e1=Q 61. Kxh5 Qg1 62. Kh6
Qgg6# { White checkmated } 0-1

[Event "ICC tourney 2533 (25 5)"]
[Site "Internet Chess Club"]
[Date "2021.04.25"]
[Round "8"]
[White "KANSARA, SATYEN:K09-16412456"]
[Black "ETHAN LU, ALAN:K09-15478737"]
[Result "0-1"]
[ICCResult "White checkmated"]
[WhiteElo "461"]
[BlackElo "1649"]
[Opening "Caro-Kann: advance variation"]
[ECO "B12"]
[NIC "CK.02"]
[Time "17:02:45"]
[PlyCount "140"]
[TimeControl "1500+5"]

1. e4 c6 2. d4 d5 3. e5 c5 4. c3 Nc6 5. Nf3 Bg4 6. Be2 e6 7. Be3 Qb6 8. b3
cxd4 9. cxd4 Bb4+ 10. Kf1 Nge7 11. h3 Bxf3 12. Bxf3 Nf5 13. a3 Be7 14. Nc3
Ncxd4 15. Bxd4 Qxd4 16. Qxd4 Nxd4 17. b4 Rc8 18. Ne2 Nc6 19. Rc1 O-O 20. h4
Nxe5 21. Rxc8 Rxc8 22. h5 Nxf3 23. gxf3 Rc2 24. Rg1 h6 25. Nd4 Rc1+ 26. Kg2
Rxg1+ 27. Kxg1 Bf6 28. Nb5 a6 29. Nd6 b5 30. Nb7 Bb2 31. Nc5 Bxa3 32. Nxa6
Kf8 33. Kf1 Ke7 34. Nb8 Kd6 35. Ke2 Bxb4 36. Kd3 Bc5 37. Na6 Bxf2 38. Kc3
Kc6 39. Nb4+ Kb6 40. Nd3 Bg3 41. Kb4 Bd6+ 42. Kc3 b4+ 43. Nxb4 Bxb4+ 44.
Kxb4 Kc6 45. f4 Kd6 46. Kc3 e5 47. f5 e4 48. Kd4 f6 49. Ke3 Ke5 50. Ke2
Kxf5 51. Ke3 d4+ 52. Kxd4 Kf4 53. Kc3 e3 54. Kc2 e2 55. Kd2 Kf3 56. Ke1 f5
57. Kd2 Kf2 58. Kd3 e1=Q 59. Kd4 Qe4+ 60. Kc5 Ke2 61. Kd6 Kd3 62. Kd7 Qe5
63. Kd8 Qe6 64. Kc7 Qd5 65. Kb8 Qc6 66. Ka7 Qb5 67. Ka8 Kd4 68. Ka7 Kd5 69.
Ka8 Kc6 70. Ka7 Qb7# { White checkmated } 0-1

[Event "ICC tourney 2533 (25 5)"]
[Site "Internet Chess Club"]
[Date "2021.04.25"]
[Round "8"]
[White "VENIGALLA, THAMAN:K09-15782351"]
[Black "BRUM, CHARLES:K09-30020736"]
[Result "1/2-1/2"]
[ICCResult "Game drawn by mutual agreement"]
[WhiteElo "242"]
[BlackElo "910"]
[Opening "Ruy Lopez: four knights (Tarrasch) variation"]
[ECO "C77"]
[NIC "RL.12"]
[Time "17:02:02"]
[PlyCount "35"]
[TimeControl "1500+5"]

1. e4 e5 2. Nf3 Nc6 3. Bb5 a6 4. Ba4 Nf6 5. Nc3 Bc5 6. O-O O-O 7. d3 d6 8.
Bg5 h6 9. Bh4 Bg4 10. h3 Be6 11. Re1 g5 12. Bg3 g4 13. hxg4 Nxg4 14. Nh2
Nxh2 15. Bxh2 Nd4 16. Re3 Kh7 17. Rg3 Rg8 18. Rxg8 { Game drawn by mutual
agreement } 1/2-1/2

[Event "ICC tourney 2533 (25 5)"]
[Site "Internet Chess Club"]
[Date "2021.04.25"]
[Round "8"]
[White "AWAD, STEELO:K09-16554876"]
[Black "HAN, MATTHEW:K09-16312223"]
[Result "1-0"]
[ICCResult "Black resigns"]
[WhiteElo "876"]
[BlackElo "1320"]
[Opening "Queen's pawn: London system"]
[ECO "A45"]
[NIC "QP.07"]
[Time "17:02:45"]
[PlyCount "77"]
[TimeControl "1500+5"]

1. d4 Nf6 2. Bf4 Nc6 3. Nf3 d5 4. e3 Bf5 5. c4 Nb4 6. Qa4+ Nc6 7. c5 Qd7 8.
Bb5 a6 9. Ne5 Qc8 10. Bxc6+ bxc6 11. Qxc6+ Nd7 12. Nxd7 Bxd7 13. Qxd5 c6
14. Qe5 f6 15. Qh5+ g6 16. Qd1 Qb7 17. Qc1 g5 18. Bg3 h5 19. h3 Rb8 20. b3
Qb4+ 21. Qd2 Qxd2+ 22. Nxd2 Bg7 23. Bxb8 O-O 24. Ba7 Ra8 25. Bb6 f5 26. Nc4
Be6 27. Na5 f4 28. O-O Bd7 29. Nc4 fxe3 30. fxe3 Be6 31. Rad1 Bxc4 32. bxc4
e5 33. d5 cxd5 34. cxd5 e4 35. Rf5 Bh6 36. c6 Rb8 37. c7 Rc8 38. d6 Kg7 39.
d7 { Black resigns } 1-0

[Event "ICC tourney 2533 (25 5)"]
[Site "Internet Chess Club"]
[Date "2021.04.25"]
[Round "8"]
[White "JAIN, RAJNEESH:K09-16887466"]
[Black "DAVID, ADRIAN:K09-17191302"]
[Result "0-1"]
[ICCResult "White resigns"]
[WhiteElo "1246"]
[BlackElo "738"]
[Opening "Two knights defense (Modern bishop's opening)"]
[ECO "C55"]
[NIC "IG.01"]
[Time "17:03:48"]
[PlyCount "76"]
[TimeControl "1500+5"]

1. e4 e5 2. Nf3 Nc6 3. Bc4 Nf6 4. d3 d5 5. exd5 Nxd5 6. O-O Be6 7. Bxd5
Bxd5 8. Nc3 Be6 9. Be3 Bd6 10. Qe2 O-O 11. Rad1 Bb4 12. Bd2 f6 13. a3 Bd6
14. Be3 Re8 15. Qd2 Be7 16. d4 exd4 17. Bxd4 Nxd4 18. Nxd4 Bf7 19. Rfe1 Bh5
20. f3 Bc5 21. Kh1 Rxe1+ 22. Qxe1 Qe8 23. Nde2 Qc6 24. Qh4 Bxf3 25. Qc4+
Kh8 26. Nd4 Bxg2+ 27. Kg1 Bxd4+ 28. Qxd4 h6 29. Ne2 Bf3 30. Qd3 Re8 31. Nf4
Bxd1 32. Ng6+ Kg8 33. Qxd1 Qc5+ 34. Kh1 Qf2 35. Ne7+ Rxe7 36. Qd8+ Kf7 37.
Qd5+ Kg6 38. Qd3+ f5 { White resigns } 0-1

[Event "ICC tourney 2533 (25 5)"]
[Site "Internet Chess Club"]
[Date "2021.04.25"]
[Round "8"]
[White "ELLIE WANG, YINGYUAN:K09-16257406"]
[Black "BYRD, JONATHAN:K09-15330261"]
[Result "0-1"]
[ICCResult "White checkmated"]
[WhiteElo "507"]
[BlackElo "952"]
[Opening "Giuoco Piano"]
[ECO "C50"]
[NIC "IG.02"]
[Time "17:03:50"]
[PlyCount "36"]
[TimeControl "1500+5"]

1. e4 e5 2. Nf3 Nc6 3. Bc4 Bc5 4. O-O Nf6 5. d3 h6 6. Be3 Bb6 7. Nc3 O-O 8.
Nd5 Nxd5 9. Bxd5 Nd4 10. Nxe5 d6 11. Ng4 Bxg4 12. Qxg4 Qf6 13. Qf4 Ne2+ 14.
Kh1 Nxf4 15. Bxf4 Qxf4 16. Bxb7 Rab8 17. Ba6 Bxf2 18. g3 Qf3# { White
checkmated } 0-1

[Event "ICC tourney 2533 (25 5)"]
[Site "Internet Chess Club"]
[Date "2021.04.25"]
[Round "8"]
[White "LI, HARVEY:K09-16806831"]
[Black "EISENBRAUN, TYLER:K09-30031250"]
[Result "0-1"]
[ICCResult "White checkmated"]
[WhiteElo "1756"]
[BlackElo "472"]
[Opening "Queen's pawn: London system"]
[ECO "A45"]
[NIC "QP.07"]
[Time "17:00:47"]
[PlyCount "84"]
[TimeControl "1500+5"]

1. d4 Nf6 2. Bf4 g6 3. Nc3 Bg7 4. e4 d6 5. Qd2 O-O 6. O-O-O Bg4 7. f3 Bd7
8. h4 h5 9. Bh6 Bxh6 10. Qxh6 Nc6 11. Nge2 e5 12. dxe5 Nxe5 13. Nd5 Nxd5
14. Rxd5 Bc6 15. Rd1 Qf6 16. Ng3 Qg7 17. Qd2 Rad8 18. Bd3 d5 19. exd5 Bxd5
20. Qc3 Bxa2 21. Rhe1 Qh6+ 22. Qd2 Nxd3+ 23. cxd3 Qg7 24. Qa5 Bb3 25. Rd2
Ra8 26. Qa3 Bd5 27. Qc5 c6 28. Re7 Qf6 29. Rxb7 Qxh4 30. Ne4 Bxe4 31. dxe4
Rfd8 32. Rxd8+ Rxd8 33. Kb1 Qh1+ 34. Ka2 Qxg2 35. Rxa7 Qxf3 36. Qxc6 h4 37.
Qc7 Qf6 38. e5 Qe6+ 39. Ka3 Rd3+ 40. Ka4 Qb3+ 41. Ka5 Rd5+ 42. Ka6 Qb5# {
White checkmated } 0-1

[Event "ICC tourney 2533 (25 5)"]
[Site "Internet Chess Club"]
[Date "2021.04.25"]
[Round "8"]
[White "PARK, EVAN:K09-15748464"]
[Black "MADABUSHI, RAGHAVAN:K09-15400603"]
[Result "1/2-1/2"]
[ICCResult "Game drawn by mutual agreement"]
[WhiteElo "2322"]
[BlackElo "1412"]
[Opening "Four knights: symmetrical variation"]
[ECO "C49"]
[NIC "KP.03"]
[Time "17:03:12"]
[PlyCount "32"]
[TimeControl "1500+5"]

1. e4 e5 2. Nf3 Nf6 3. Nc3 Nc6 4. Bb5 Bb4 5. O-O O-O 6. d3 d6 7. Bg5 Bg4 8.
Nd5 Nd4 9. Bxf6 gxf6 10. Nxb4 Bxf3 11. gxf3 Nxb5 12. f4 Kh8 13. f5 c6 14.
c3 a5 15. Nc2 Rg8+ 16. Kh1 d5 { Game drawn by mutual agreement } 1/2-1/2

[Event "ICC tourney 2533 (25 5)"]
[Site "Internet Chess Club"]
[Date "2021.04.25"]
[Round "8"]
[White "MAKODE, ATHARVA:K09-16723328"]
[Black "BABENKO, ARIEL:K09-15837661"]
[Result "1/2-1/2"]
[ICCResult "Game drawn by mutual agreement"]
[WhiteElo "1446"]
[BlackElo "979"]
[Opening "Queen's pawn, Mason variation"]
[ECO "D00"]
[NIC "QP.08"]
[Time "17:02:23"]
[PlyCount "49"]
[TimeControl "1500+5"]

1. d4 d5 2. Bf4 Nf6 3. e3 g6 4. Bd3 Bg7 5. c3 O-O 6. Nf3 b6 7. Nbd2 Bb7 8.
Qe2 a6 9. e4 dxe4 10. Nxe4 Nbd7 11. Nxf6+ Nxf6 12. O-O e6 13. Be5 Qe7 14.
Bxf6 Bxf6 15. Be4 Bxe4 16. Qxe4 Qd6 17. Rfe1 Rfe8 18. Ne5 Bxe5 19. Qxe5
Qxe5 20. Rxe5 Kg7 21. f4 Rad8 22. Rae1 Rd6 23. Kf2 f6 24. R5e2 Kf7 25. g3 {
Game drawn by mutual agreement } 1/2-1/2

[Event "ICC tourney 2533 (25 5)"]
[Site "Internet Chess Club"]
[Date "2021.04.25"]
[Round "8"]
[White "PAN, STEVEN:K09-15963582"]
[Black "P CHABUKSWAR, VED:K09-17181828"]
[Result "1-0"]
[ICCResult "Black checkmated"]
[WhiteElo "1456"]
[BlackElo "1046"]
[Opening "Giuoco Piano"]
[ECO "C50"]
[NIC "IG.02"]
[Time "17:01:37"]
[PlyCount "121"]
[TimeControl "1500+5"]

1. e4 e5 2. Nf3 Nc6 3. Bc4 Bc5 4. O-O d6 5. Nc3 Bg4 6. Be2 Nf6 7. d3 h6 8.
Be3 Bb6 9. h3 Bh5 10. Nh2 Bxe2 11. Qxe2 O-O 12. Bxb6 axb6 13. f4 Nd4 14.
Qf2 c5 15. fxe5 dxe5 16. Nf3 Nh5 17. Nxe5 Qd6 18. Nf3 Nf6 19. Nxd4 Qxd4 20.
Qxd4 cxd4 21. Ne2 Rfd8 22. a3 Rac8 23. Rac1 b5 24. Rf5 Rc7 25. Rxb5 g6 26.
Rb4 Rcd7 27. Rc4 Kg7 28. b4 Nh7 29. b5 Ng5 30. Rb1 Ne6 31. Rbb4 f5 32. exf5
gxf5 33. g3 Kg6 34. Kf2 Kg5 35. a4 f4 36. gxf4+ Nxf4 37. Rxd4 Nxh3+ 38. Kg3
Rxd4 39. Rxd4 Rxd4 40. Nxd4 Nf4 41. Nf3+ Kf5 42. a5 Ne2+ 43. Kf2 Nc3 44. a6
bxa6 45. b6 Nd5 46. b7 Nc7 47. b8=Q a5 48. Qxc7 a4 49. Qa5+ Kf6 50. Qxa4 h5
51. Qc6+ Kf7 52. Nh4 Ke7 53. Ke3 Kf7 54. Ke4 Ke7 55. Ke5 Kf7 56. Qe6+ Kg7
57. Qf6+ Kh7 58. Ke6 Kg8 59. Qe7 Kh8 60. Kf6 Kg8 61. Qg7# { Black
checkmated } 1-0

[Event "ICC tourney 2533 (25 5)"]
[Site "Internet Chess Club"]
[Date "2021.04.25"]
[Round "8"]
[White "HERKER, JASON:K09-15806028"]
[Black "KIM, CALVIN:K09-16320250"]
[Result "0-1"]
[ICCResult "White resigns"]
[WhiteElo "229"]
[BlackElo "778"]
[Opening "Scotch game"]
[ECO "C45"]
[NIC "SO.05"]
[Time "17:04:45"]
[PlyCount "42"]
[TimeControl "1500+5"]

1. e4 e5 2. Nf3 Nc6 3. d4 exd4 4. Nxd4 Bc5 5. Be3 Nxd4 6. Bxd4 Bxd4 7. Qxd4
Nf6 8. Bd3 O-O 9. O-O d6 10. Nc3 Re8 11. Rae1 b6 12. Nd5 Nxd5 13. Qxd5 Be6
14. Qh5 h6 15. e5 Qg5 16. Qxg5 hxg5 17. f4 gxf4 18. Rxf4 dxe5 19. Rxe5 Bxa2
20. b3 Rxe5 21. Be4 Rae8 { White resigns } 0-1

[Event "ICC tourney 2533 (25 5)"]
[Site "Internet Chess Club"]
[Date "2021.04.25"]
[Round "8"]
[White "WEICHENG ZHANG, JUSTIN:K09-16253356"]
[Black "BHEEMAVARAPU, SREEKAR:K09-16737643"]
[Result "0-1"]
[ICCResult "White resigns"]
[WhiteElo "1355"]
[BlackElo "754"]
[Opening "Giuoco Piano"]
[ECO "C50"]
[NIC "IG.02"]
[Time "17:02:19"]
[PlyCount "86"]
[TimeControl "1500+5"]

1. e4 e5 2. Nf3 Nc6 3. Bc4 Bc5 4. O-O Nf6 5. d3 h6 6. Nc3 O-O 7. h3 d6 8.
Re1 Re8 9. Bd2 a6 10. a3 Be6 11. Bxe6 fxe6 12. Ne2 d5 13. Ng3 Rf8 14. exd5
exd5 15. Nxe5 Nxe5 16. Rxe5 Qd6 17. Bf4 Nd7 18. d4 Nxe5 19. Bxe5 Qe7 20.
Nf5 Rxf5 21. g4 Rff8 22. Qe1 Bd6 23. Bxd6 Qxd6 24. Qe3 Rae8 25. Qb3 Qf4 26.
Qxd5+ Kh8 27. Rf1 c6 28. Qb3 Qf3 29. Qxf3 Rxf3 30. Kg2 Ref8 31. c3 Rd3 32.
f3 Rd2+ 33. Rf2 Rxf2+ 34. Kxf2 Re8 35. c4 g5 36. b4 Kg7 37. a4 Kf6 38. Kg3
Re2 39. b5 axb5 40. axb5 cxb5 41. cxb5 Rd2 42. d5 Rxd5 43. b6 Rb5 { White
resigns } 0-1

[Event "ICC tourney 2533 (25 5)"]
[Site "Internet Chess Club"]
[Date "2021.04.25"]
[Round "8"]
[White "ARJUN ARORA, PIERCE:K09-16016532"]
[Black "HUANG, LULU:K09-15214738"]
[Result "1-0"]
[ICCResult "Black checkmated"]
[WhiteElo "1016"]
[BlackElo "1414"]
[Opening "Danish gambit"]
[ECO "C21"]
[NIC "KP.04"]
[Time "17:01:58"]
[PlyCount "99"]
[TimeControl "1500+5"]

1. e4 e5 2. d4 exd4 3. c3 dxc3 4. Bc4 Nc6 5. Nf3 Nf6 6. Nxc3 Bc5 7. O-O d6
8. Qb3 O-O 9. Bg5 h6 10. Bh4 Na5 11. Qa4 Nxc4 12. Qxc4 Be6 13. Qe2 Qe7 14.
Rfe1 Rfe8 15. Qc2 Bg4 16. Nd5 Qe6 17. Nxc7 Qc8 18. Nxe8 Nxe8 19. Rac1 Bxf3
20. gxf3 Qh3 21. Bg3 Nf6 22. Qe2 Nh5 23. Qf1 Qe6 24. Qg2 Qxa2 25. e5 Rc8
26. b4 Nxg3 27. hxg3 Qd2 28. bxc5 Rxc5 29. Rcd1 Qc3 30. exd6 Rd5 31. Rxd5
Qxe1+ 32. Qf1 Qe6 33. Rd1 Kf8 34. d7 Qe7 35. d8=Q+ Qxd8 36. Rxd8+ Ke7 37.
Ra8 a6 38. Rxa6 bxa6 39. Qxa6 f5 40. g4 g5 41. gxf5 h5 42. f6+ Kf7 43. Qd6
h4 44. Qe7+ Kg6 45. f7 h3 46. f8=N+ Kf5 47. Qe4+ Kf6 48. Qe6+ Kg7 49. Qg6+
Kh8 50. Qh7# { Black checkmated } 1-0

[Event "ICC tourney 2533 (25 5)"]
[Site "Internet Chess Club"]
[Date "2021.04.25"]
[Round "8"]
[White "JEYANANDARAJAN, ROHAN:K09-15310288"]
[Black "SMARAN JAINI, KRISHIV:K09-16268124"]
[Result "1-0"]
[ICCResult "Black checkmated"]
[WhiteElo "434"]
[BlackElo "806"]
[Opening "Evans gambit: Tartakower attack"]
[ECO "C52"]
[NIC "IG.05"]
[Time "17:01:41"]
[PlyCount "61"]
[TimeControl "1500+5"]

1. e4 e5 2. Nf3 Nc6 3. Bc4 Bc5 4. b4 Bxb4 5. c3 Ba5 6. d4 d6 7. Qb3 Nh6 8.
Bxh6 O-O 9. Bg5 Ne7 10. O-O b6 11. dxe5 h6 12. exd6 Qxd6 13. Bxe7 Qxe7 14.
Rd1 Qxe4 15. Bxf7+ Kh7 16. Nbd2 Qf5 17. Bd5 Qg6 18. Be4 Bf5 19. Nh4 Qg5 20.
Nxf5 Rxf5 21. Bxa8 Rf6 22. Ne4 Qf5 23. Nxf6+ Qxf6 24. Be4+ g6 25. Rd7+ Kh8
26. Qf7 Qxf7 27. Rxf7 Bxc3 28. Rd1 Kg8 29. Bxg6 Bb4 30. Rd8+ Bf8 31. Rdxf8#
{ Black checkmated } 1-0

[Event "ICC tourney 2533 (25 5)"]
[Site "Internet Chess Club"]
[Date "2021.04.25"]
[Round "8"]
[White "VIBHAV BONDALAPATI, SRI:K09-16633657"]
[Black "BALAKRISHNAN, NAVEEN:K09-15197624"]
[Result "1-0"]
[ICCResult "Black resigns"]
[WhiteElo "1101"]
[BlackElo "1755"]
[Opening "Sicilian: Nimzovich-Rossolimo attack (without ...d6)"]
[ECO "B30"]
[NIC "SI.31"]
[Time "17:01:24"]
[PlyCount "57"]
[TimeControl "1500+5"]

1. e4 c5 2. Nf3 Nc6 3. Bb5 d6 4. O-O e6 5. d4 cxd4 6. Nxd4 Ne7 7. Be3 g6 8.
Bg5 Bd7 9. Bf6 Rg8 10. Bxc6 Bxc6 11. Nxc6 bxc6 12. Qe2 Bg7 13. Bxg7 Rxg7
14. Nc3 Qb6 15. Na4 Qb4 16. b3 Kf8 17. a3 Qb7 18. Rad1 Rd8 19. Qf3 f5 20.
exf5 gxf5 21. Rfe1 e5 22. Rxe5 dxe5 23. Rxd8+ Kf7 24. Nc5 Qb6 25. Qh5+ Rg6
26. Qxh7+ Kf6 27. Nd7+ Kg5 28. Qxe7+ Kg4 29. Nxb6 { Black resigns } 1-0

[Event "ICC tourney 2533 (25 5)"]
[Site "Internet Chess Club"]
[Date "2021.04.25"]
[Round "8"]
[White "KAUR, ARADH:K09-15085398"]
[Black "SUN, YICHEN:K09-30153816"]
[Result "0-1"]
[ICCResult "White checkmated"]
[WhiteElo "1706"]
[BlackElo "1190"]
[Opening "Sicilian: Hungarian variation"]
[ECO "B34"]
[NIC "SI.43"]
[Time "17:00:42"]
[PlyCount "126"]
[TimeControl "1500+5"]

1. e4 c5 2. Nf3 g6 3. d4 cxd4 4. Nxd4 Bg7 5. Nc3 Nc6 6. Be3 e6 7. f3 Nge7
8. Qd2 h6 9. g4 d5 10. exd5 Nxd5 11. Nxc6 bxc6 12. Nxd5 exd5 13. O-O-O Rb8
14. Bd4 O-O 15. Bxg7 Kxg7 16. Qd4+ Qf6 17. Qxf6+ Kxf6 18. Bd3 Kg7 19. Rhe1
Kf6 20. Re3 Be6 21. Be2 Rb4 22. Ra3 Rfb8 23. b3 R8b7 24. Ra6 R4b6 25. Rd4
Bc8 26. Rda4 Re7 27. Bd3 Bxa6 28. Rxa6 Rxa6 29. Bxa6 Re1+ 30. Kb2 Rh1 31.
Bb7 Rxh2 32. Bxc6 d4 33. Be4 Rf2 34. b4 h5 35. gxh5 gxh5 36. Kb3 h4 37. Kc4
Rd2 38. a4 h3 39. b5 h2 40. f4 Rd1 41. a5 h1=Q 42. Bxh1 Rxh1 43. b6 axb6
44. axb6 Rh8 45. Kc5 Ke6 46. Kc6 Rc8+ 47. Kb7 Rxc2 48. Kb8 d3 49. b7 Rb2
50. Ka8 Rxb7 51. Kxb7 d2 52. Kc6 d1=Q 53. Kc5 Qf3 54. Kd4 Qxf4+ 55. Kc3 f5
56. Kd3 Qe5 57. Kc4 f4 58. Kd3 f3 59. Kc4 f2 60. Kb4 f1=Q 61. Kb3 Qc1 62.
Kb4 Qb8+ 63. Ka4 Qa1# { White checkmated } 0-1

[Event "ICC tourney 2533 (25 5)"]
[Site "Internet Chess Club"]
[Date "2021.04.25"]
[Round "8"]
[White "MA, TRISTAN:K09-15699071"]
[Black "VUTUKURY, DHRUVA:K09-15485164"]
[Result "0-1"]
[ICCResult "White checkmated"]
[WhiteElo "1367"]
[BlackElo "930"]
[Opening "Sicilian: dragon variation"]
[ECO "B70"]
[NIC "SI.15"]
[Time "17:01:01"]
[PlyCount "106"]
[TimeControl "1500+5"]

1. e4 c5 2. Nf3 d6 3. d4 cxd4 4. Nxd4 Nf6 5. Nc3 g6 6. Bc4 Nc6 7. Nxc6 bxc6
8. Bb3 Qa5 9. Bd2 Qe5 10. f3 d5 11. O-O e6 12. exd5 cxd5 13. Re1 Qd4+ 14.
Be3 Qxd1 15. Raxd1 Bb4 16. Bd4 Ke7 17. a3 Bxc3 18. Bxc3 Rd8 19. Bb4+ Ke8
20. Bc3 Nh5 21. Bxd5 Rb8 22. Bc6+ Bd7 23. Bxd7+ Rxd7 24. Rxd7 Kxd7 25. g3
f5 26. f4 Ke7 27. Kf2 Nf6 28. Bxf6+ Kxf6 29. b4 Rc8 30. Re2 Rc3 31. Rd2
Rxa3 32. Rd7 h5 33. Ke2 Ra4 34. Kd3 a5 35. bxa5 Rxa5 36. Kd4 Ra2 37. c4
Rd2+ 38. Kc5 Rxd7 39. Kb6 Ke7 40. c5 Rd8 41. c6 Rc8 42. Kc5 Rc7 43. Kb6 Kd6
44. h4 Rxc6+ 45. Kb7 Rc3 46. g4 fxg4 47. f5 exf5 48. Kb8 g3 49. Ka8 g2 50.
Kb7 Rc6 51. Ka8 Kc7 52. Ka7 g1=Q+ 53. Ka8 Qa1# { White checkmated } 0-1